Map: Efflorescence LE

Players

buyukbaskan - Winner!

  • Race: Zerg Zerg
  • League: Silver
  • Spawn Location: 12:00

Cosch - Winner!

  • Race: Protoss Protoss
  • League: Silver
  • Spawn Location: 3:00

Massa

  • Race: Terran Terran
  • League: Platinum
  • Spawn Location: 6:00

hollowUnit

  • Race: Zerg Zerg
  • Spawn Location: 9:00

VOD

Have the link to the VOD?

Description

Time

  • Played on: Oct. 21, 2020, 3:11 p.m.
  • Length: 20:51
Show
View Real Time Build Order
Export as new Build Order

buyukbaskan Zerg - Winner!

Build Orders: Pool First 

Get SALT Encoding   

  12  0:02  Drone  
  13  0:13  Overlord  
  13  0:18  Drone  
  14  0:31  Drone x2  
  16  0:43  Spawning Pool  
  16  0:47  Drone  
  16  0:52  Extractor  
  15  1:06  Drone x2  
  15  1:09  Overlord  
  17  1:31  Zergling x4  
  19  1:33  Queen  
  21  1:50  Zergling x2  
  22  1:56  Drone  
  23  2:07  Zergling x2  
  24  2:17  Zergling x2  
  24  2:31  Zergling x2  
  25  2:45  Zergling x4  
  25  2:48  Metabolic Boost  
  27  2:52  Overlord  
  27  2:53  Zergling x2  
  27  2:54  Zergling x2  
  29  3:11  Zergling x2  
  30  3:23  Zergling x8  
  33  3:35  Zergling x2  
  33  3:43  Lair  
  33  3:54  Overlord  
  30  4:16  Zergling x2  
  30  4:17  Zergling x10  
  33  4:47  Hatchery  
  32  4:59  Spire  
  31  5:00  Extractor, Drone  
  31  5:01  Drone x2  
  31  5:04  Drone x2, Overlord  
  33  5:27  Zergling x4  
  34  5:35  Evolution Chamber  
  24  6:15  Mutalisk x3  
  30  6:28  Queen  
  30  6:30  Drone x4  
  36  6:37  Extractor  
  36  6:38  Extractor  
  34  6:42  Mutalisk x2  
  38  7:05  Drone x5  
  43  7:23  Drone x2  
  45  7:35  Mutalisk  
  45  7:36  Mutalisk x2  
  48  7:55  Mutalisk  
  46  8:08  Mutalisk  
  46  8:46  Mutalisk x2  
  19  10:40  Drone x2  
  19  10:41  Drone x5  
  19  10:42  Drone x3  
  29  11:07  Zergling x2  
Show
View Real Time Build Order
Export as new Build Order

Cosch Protoss - Winner!

Build Orders: Carriers 

Get SALT Encoding   

  12  0:09  Pylon  
  13  0:14  Probe  
  13  0:30  Forge  
  13  0:38  Probe  
  14  0:46  Pylon  
  14  0:56  Pylon  
  14  1:05  Pylon  
  14  1:18  Pylon  
  14  1:29  Pylon  
  14  1:31  Photon Cannon  
  13  1:39  Photon Cannon  
  13  1:52  Probe  
  14  2:05  Probe  
  15  2:17  Probe  
  15  2:29  Probe  
  16  2:41  Probe  
  17  2:53  Probe  
  18  3:05  Probe  
  19  3:17  Probe  
  19  3:18  Pylon  
  20  3:28  Pylon  
  20  3:29  Probe  
  21  3:43  Probe  
  22  3:49  Photon Cannon  
  22  3:51  Photon Cannon  
  22  3:54  Photon Cannon  
  23  3:55  Probe, Pylon  
  23  4:04  Pylon  
  23  4:07  Probe  
  23  4:18  Photon Cannon  
  23  4:22  Photon Cannon  
  23  4:26  Assimilator  
  23  4:30  Assimilator  
  23  4:56  Probe  
  24  5:04  Nexus  
  24  5:08  Probe  
  25  5:15  Gateway  
  25  5:20  Probe, Photon Cannon  
  26  5:23  Pylon  
  26  5:32  Nexus  
  26  5:33  Probe  
  26  5:34  Pylon  
  27  5:40  Protoss Shields Level 1  
  27  5:45  Probe  
  27  5:48  Pylon  
  29  5:57  Probe  
  29  6:00  Photon Cannon  
  29  6:04  Assimilator  
  29  6:09  Probe, Assimilator  
  30  6:20  Cybernetics Core  
  30  6:21  Probe  
  31  6:27  Probe  
  32  6:33  Probe  
  32  6:39  Probe  
  34  6:48  Photon Cannon  
  34  6:51  Probe  
  35  7:00  Photon Cannon  
  35  7:05  Probe  
  36  7:17  Probe  
  36  7:19  Probe  
  38  7:29  Probe  
  39  7:31  Probe  
  40  7:38  Probe  
  40  7:41  Probe  
  40  7:42  Photon Cannon  
  40  7:43  Probe  
  41  7:47  Pylon  
  41  7:50  Probe  
  41  7:53  Probe  
  41  7:55  Probe  
  43  7:58  Stargate  
  43  8:01  Twilight Council  
  43  8:02  Probe  
  43  8:04  Pylon  
  44  8:05  Probe  
  44  8:07  Probe  
  46  8:16  Photon Cannon  
  43  8:29  Forge  
  43  8:39  Gateway  
  43  8:42  Pylon  
  43  8:46  Fleet Beacon  
  43  9:00  Nexus  
  43  9:06  Pylon  
  43  9:14  Protoss Shields Level 2  
  43  9:28  Cybernetics Core  
  43  9:31  Photon Cannon  
  43  9:58  Carrier  
  49  10:08  Stargate  
  49  10:18  Stargate  
  49  10:20  Stargate  
  49  10:31  Pylon  
  49  10:34  Photon Cannon  
  49  10:40  Assimilator  
  49  10:45  Assimilator  
  49  10:53  Carrier  
  55  11:02  Carrier  
  61  11:27  Stargate  
  61  11:46  Nexus  
  50  12:11  Carrier  
  50  12:12  Carrier  
  53  13:38  Carrier  
  59  13:46  Assimilator  
  59  13:49  Probe  
  59  13:52  Assimilator  
  60  14:01  Probe  
  61  14:13  Probe  
  62  14:29  Protoss Shields Level 3  
  54  15:59  Pylon  
  54  16:04  Pylon  
  54  16:17  Probe, Carrier  
  61  16:22  Carrier  
  67  16:29  Probe  
  68  16:36  Pylon  
  68  16:40  Pylon  
  68  16:41  Probe  
  69  16:54  Probe, Carrier  
  76  17:06  Probe  
  77  17:09  Pylon  
  77  17:13  Pylon  
  77  17:14  Protoss Air Weapons Level 1  
  77  17:18  Probe  
  78  17:30  Probe  
  79  18:12  Photon Cannon  
  77  18:13  Photon Cannon  
  77  18:17  Photon Cannon  
  76  18:20  Photon Cannon  
  73  19:07  Photon Cannon  
  72  19:12  Carrier  
  72  19:13  Carrier  
  72  19:14  Carrier  
  72  19:15  Void Ray  
  72  19:16  Carrier  
  98  19:24  Probe  
  98  19:36  Probe  
  99  19:48  Probe  
  100  20:00  Probe  
  101  20:12  Probe  
  102  20:29  Pylon  
  102  20:30  Pylon  
  102  20:31  Photon Cannon  
  102  20:41  Photon Cannon  
Show
View Real Time Build Order
Export as new Build Order

Massa Terran 

Build Orders:  

Get SALT Encoding   

  12  0:00  SCV  
  13  0:12  SCV  
  14  0:19  Supply Depot  
  14  0:25  SCV  
  15  0:40  SCV  
  15  0:41  Barracks  
  16  0:47  Refinery  
  16  0:56  Supply Depot  
  16  1:04  SCV  
  17  1:16  SCV  
  18  1:28  SCV  
  18  1:30  Marine  
  20  1:40  SCV  
  21  1:47  Refinery  
  21  1:49  Marine  
  21  1:52  SCV  
  21  1:53  Factory  
  23  2:05  Orbital Command  
  23  2:21  Marine  
  24  2:38  Bunker  
  24  2:40  Factory Tech Lab  
  24  2:50  Supply Depot  
  24  2:58  Supply Depot  
  24  3:13  Supply Depot  
  24  3:19  Marine  
  28  3:20  Siege Tank  
  27  3:32  SCV  
  28  3:37  Barracks, Marine  
  28  3:40  Barracks  
  29  3:44  Starport  
  29  3:52  Siege Tank  
  29  3:55  Marine  
  33  4:03  Bunker  
  33  4:13  Marine  
  34  4:17  SCV  
  35  4:25  Command Center  
  35  4:26  Barracks Tech Lab  
  35  4:28  Barracks Reactor  
  35  4:29  SCV  
  35  4:31  Marine  
  37  4:45  Supply Depot  
  37  4:46  SCV  
  38  4:57  Supply Depot  
  38  4:59  SCV  
  39  5:10  Barracks Tech Lab, Stimpack  
  39  5:17  Supply Depot  
  39  5:18  Siege Tank, Marine x2, Supply Depot  
  39  5:19  Marauder, Supply Depot x2  
  39  5:20  Supply Depot x2  
  46  5:36  Marine x2  
  46  5:37  Marauder  
  46  5:40  Marauder  
  52  5:45  Supply Depot  
  52  5:51  Siege Tank  
  52  5:54  Marine x2  
  57  5:58  Marauder  
  57  6:02  Marauder  
  53  6:08  Combat Shield  
  53  6:12  Marine x2  
  53  6:14  Engineering Bay  
  53  6:16  Liberator  
  53  6:17  Armory  
  58  6:19  Marauder  
  58  6:22  Supply Depot  
  58  6:23  Marauder, Siege Tank  
  65  6:27  Orbital Command  
  65  6:29  SCV, Marine x2  
  68  6:41  Marauder  
  68  6:42  SCV  
  68  6:44  Marauder  
  73  6:53  Missile Turret x2  
  73  6:55  Missile Turret  
  73  7:02  Marauder, Missile Turret  
  73  7:06  Marauder  
  77  7:08  Missile Turret  
  77  7:10  Marine  
  78  7:24  Marauder  
  78  7:27  Marauder  
  82  7:45  Bunker, Marauder  
  82  7:50  Marauder, Marine  
  87  7:51  Marine  
  85  8:06  Marauder  
  85  8:11  Marauder  
  86  8:15  Marine  
  86  8:16  Marine  
  87  8:28  Marauder  
  87  8:33  Marauder, Marine  
  87  8:34  Marine  
  91  8:42  Cyclone  
  89  8:49  Marauder  
  89  8:51  Marine  
  89  8:52  Marine  
  89  8:54  Marauder  
  89  9:09  Marine x2  
  88  9:10  Marine  
  88  9:15  Marine  
  68  9:27  Marine x2  
  68  9:28  Marine  
  63  9:33  Marine  
  63  9:37  Siege Tank  
  59  9:39  Concussive Shells  
  59  9:40  Terran Infantry Weapons Level 1  
  59  9:41  Terran Vehicle Weapons Level 1  
  59  9:44  Marine  
  59  9:45  Marine x2  
  58  9:47  Engineering Bay  
  58  9:48  SCV x2  
  58  9:51  Marauder  
  56  10:00  SCV  
  56  10:02  Marine  
  56  10:03  Marine  
  56  10:04  Marauder  
  56  10:06  Missile Turret  
  61  10:08  Missile Turret  
  61  10:09  Siege Tank  
  61  10:12  Marauder  
  66  10:20  Marine  
  66  10:21  Marine  
  68  10:25  Marine, Missile Turret  
  68  10:27  Missile Turret  
  68  10:44  SCV x2  
  68  10:48  Missile Turret  
  68  10:49  Marauder x2, Marine x2, Missile Turret  
  76  10:56  SCV x2  
  78  10:57  Missile Turret  
  78  11:06  Terran Infantry Armor Level 1  
  78  11:07  Marine x2  
  78  11:08  SCV x2  
  78  11:10  Marauder  
  78  11:11  Marauder  
  86  11:16  Missile Turret  
  86  11:23  Refinery  
  86  11:32  Marauder  
  88  11:43  Medivac  
  90  12:13  Medivac  
  90  12:31  Thor  
  96  12:38  Missile Turret  
  96  12:42  Medivac  
  98  12:46  Marine  
  98  12:47  Marine x3  
  102  12:58  Missile Turret  
  100  13:04  Marine x4  
  97  13:12  Viking  
  103  13:22  Marine x4  
  103  13:23  Missile Turret  
  99  13:33  Factory  
  85  13:40  Marine x4  
  81  13:42  Viking  
  81  13:43  Missile Turret  
  75  14:09  Command Center  
  73  14:12  Viking  
  19  15:41  Factory Tech Lab  
  19  15:48  Command Center  
  19  16:19  Factory  
  19  16:22  Factory  
  19  16:35  Armory  
  19  16:38  SCV  
  20  16:50  SCV  
  21  16:58  Refinery  
  21  17:02  SCV  
  21  17:03  Orbital Command  
  21  17:05  Factory Tech Lab  
  21  17:06  Factory Tech Lab  
  22  17:09  Refinery  
  22  17:13  Refinery  
  22  17:14  SCV  
  22  17:15  Refinery, SCV  
  24  17:24  Thor  
  24  17:26  SCV  
  31  17:31  Hellion  
  31  17:52  Supply Depot  
  31  17:53  SCV, Hellion  
  31  17:55  SCV  
  35  18:02  Thor  
  41  18:05  SCV  
  42  18:12  Supply Depot  
  40  18:34  SCV  
  41  18:46  SCV  
  41  18:47  Supply Depot  
  42  18:52  Supply Depot  
  42  18:58  SCV  
  43  19:06  Barracks  
  43  19:07  SCV  
  43  19:09  Thor  
  50  19:10  SCV  
  50  19:14  Thor  
  57  19:19  SCV  
  57  19:22  SCV  
  59  19:29  Hellion  
  61  19:31  SCV  
  61  19:34  SCV  
  62  19:48  SCV  
  62  19:59  Supply Depot  
  62  20:01  Supply Depot  
  62  20:02  Hellion  
  62  20:06  Thor  
  61  20:27  Supply Depot  
  61  20:40  Command Center  
Show
View Real Time Build Order
Export as new Build Order

hollowUnit Zerg 

Build Orders: Hatch First 

Get SALT Encoding   

  12  0:00  Drone  
  13  0:08  Drone  
  14  0:18  Overlord  
  14  0:36  Drone  
  14  0:37  Drone x2  
  17  0:56  Hatchery  
  16  0:58  Drone  
  16  1:01  Drone  
  18  1:17  Spawning Pool  
  17  1:20  Drone  
  17  1:22  Drone  
  19  1:35  Extractor  
  19  1:38  Drone  
  19  1:51  Drone  
  19  1:53  Drone  
  21  2:03  Drone  
  22  2:11  Drone  
  22  2:13  Queen  
  22  2:14  Overlord  
  25  2:21  Queen  
  27  2:23  Drone  
  27  2:26  Overlord  
  28  2:30  Extractor  
  27  2:49  Zergling x6  
  27  2:50  Zergling x2  
Tags
 
Add a new tag
Caveats
  • Supply blocks, unpowered buildings, or Contaminate may cause inaccurate times.
  • Supply counts are checked every 10 seconds.